 Dungeon Crawl Stone Soup version 0.21-a0-450-gd87a9b2 (webtiles) character file.

26 slep the Skirmisher (level 2, -4/24 HPs)
             Began as a Demonspawn Monk on Nov 20, 2017.
             Slain by a bullfrog skeleton (6 damage)
             ... on level 2 of the Dungeon.
             The game lasted 00:02:47 (905 turns).

slep the Skirmisher (Demonspawn Monk)                Turns: 905, Time: 00:02:47

Health: -4/24      AC:  3    Str: 11    XL:     2   Next: 89%
Magic:  2/2        EV:  8    Int: 11    God:
Gold:   41         SH: 12    Dex: 15    Spells: 1/1 levels left

rFire    . . .     SeeInvis .   a - +0 falchion
rCold    . . .     Gourm    .   d - +2 large shield
rNeg     . . .     Faith    .   f - +0 leather armour
rPois    .         Spirit   .   (no helmet)
rElec    .         Reflect  .   (no cloak)
rCorr    .         Harm     .   (no gloves)
MR       .....                  (no boots)
Stlth    ++........             (no amulet)
HPRegen  0.08/turn              (no ring)
MPRegen  0.08/turn              (no ring)

@: no status effects
A: spiny 1
a: no special abilities


You were on level 2 of the Dungeon.
You were not hungry.

You visited 1 branch of the dungeon, and saw 2 of its levels.

You collected 41 gold pieces.

Inventory:

Hand Weapons
 a - a +0 falchion (weapon)
Armour
 b - a +0 robe
 d - a +2 large shield (worn)
 f - a +0 leather armour (worn)
Scrolls
 e - 2 scrolls of remove curse {unknown}
 k - a scroll of enchant weapon {unknown}
Potions
 g - a potion of haste {unknown}
 h - 2 potions of brilliance {unknown}
 i - a potion of curing {unknown}
 j - a potion of invisibility {unknown}
Comestibles
 c - a bread ration


   Skills:
 + Level 3.2 Fighting
 + Level 3.1 Long Blades
 + Level 0.5 Armour
 + Level 2.8 Dodging
 + Level 1.9 Stealth
 + Level 0.6 Shields


You had one spell level left.
You didn't know any spells.

Dungeon Overview and Level Annotations

Branches:
Dungeon (2/15)

Altars:


Innate Abilities, Weirdness & Mutations

You are partially covered in sharp spines.


Message History

You hit the bullfrog skeleton but do no damage.
The bullfrog skeleton is moderately damaged.
Your shield prevents you from hitting the bullfrog skeleton.
The bullfrog skeleton is moderately damaged.
You block the bullfrog skeleton's attack.
The bullfrog skeleton hits you.
You slash the bullfrog skeleton!
The bullfrog skeleton is heavily damaged.
You block the bullfrog skeleton's attack.
The bullfrog skeleton is struck by your spines.
The bullfrog skeleton hits you.
You hit the bullfrog skeleton.
The bullfrog skeleton is heavily damaged.
The bullfrog skeleton hits you!
* * * LOW HITPOINT WARNING * * *
The dart slug launches a dart at you. The slug dart misses you.
The bullfrog skeleton is struck by your spines.
The bullfrog skeleton hits you.
You die...

#.....###.
#.........
#.........
#.........
#......... ..
#......... ....
#.........
#....######.@.......
#.........wZ########
#...S.......#
#...........#
#..........#
#..$.......#
#.......%..#
#..........#
#..........#


You could see a dart slug and a bullfrog skeleton.

Vanquished Creatures
  2 leopard geckos (D:1)
  A ball python (D:1)
  3 bats (D:1)
  A giant cockroach (D:1)
  4 hobgoblins (D:1)
  5 goblins (D:1)
  3 kobolds (D:1)
  2 rats
21 creatures vanquished.

Notes
Turn   | Place    | Note
-------+----------+-------------------------------------------
     0 | D:1      | slep the Demonspawn Monk began the quest for the Orb.
     0 | D:1      | Reached XP level 1. HP: 18/18 MP: 1/1
   453 | D:1      | Gained mutation: You are partially covered in sharp spines. [demonic ancestry]
   453 | D:1      | Reached XP level 2. HP: 19/24 MP: 2/2
   905 | D:2      | Slain by a bullfrog skeleton

Vault maps used:
D:1:      dpeg_arrival_line_fractal
D:2:      grunt_temple_overflow_open, xom_redecorated, uniq_natasha

Skill      XL: |  1 |
---------------+----+-----
Long Blades    | 3 |  3.1
Fighting       | |  3.2
Armour         | |  0.5
Dodging        | |  2.8
Stealth        | |  1.9
Shields        | |  0.6

Action                   || total
-------------------------++-------
Melee: Falchion          ||    65
Armor: Leather armour    ||    13
Dodge: Dodged            ||    22
Block: Large shield      ||    59
       Rpst.: Falchion   ||     9

Table legend:
 A = Spawn XP
 B = Non-spawn XP
 C = Spawn XP percentage of total XP
 D = Spawn monster count
 E = Non-spawn monster count
 F = Spawn count percentage of total count
 G = Total turns spent on level
                    A         B        C        D         E        F      G
               +---------+---------+-------+---------+---------+-------+---------
         Total |       0 |      38 |   0.0 |       0 |      21 |   0.0 |   905
               +---------+---------+-------+---------+---------+-------+---------
           D:1 |       0 |      37 |   0.0 |       0 |      20 |   0.0 |   892
           D:2 |       0 |       1 |   0.0 |       0 |       1 |   0.0 |    13
               +---------+---------+-------+---------+---------+-------+---------
